 Dungeon Crawl Stone Soup version 0.26.1-2-gb8aa6d0cf2 (webtiles) character file.

Game seed: 4744593672888238253

91 Groucho the Sneak (level 4, -6/28 HPs)
             Began as an Octopode Transmuter on Mar 17, 2021.
             Mangled by a wyvern zombie (13 damage)
             ... on level 3 of the Dungeon.
             The game lasted 00:04:40 (4387 turns).

Groucho the Sneak (Octopode Transmuter)             Turns: 4387, Time: 00:04:41

Health: -6/28      AC:  1    Str:  9    XL:     4   Next: 57%
Magic:  8/8        EV: 13    Int: 15    God:
Gold:   180        SH:  0    Dex: 13    Spells: 7/8 levels left

rFire    . . .     SeeInvis .     - Unarmed
rCold    . . .     Faith    .   (no shield)
rNeg     . . .     Spirit   .   (helmet currently unavailable)
rPois    .         Reflect  .   (no amulet)
rElec    .         Harm     .   (no ring)
rCorr    .         Rampage  .   (no ring)
Will     .....                  (no ring)
Stlth    ++++......             (no ring)
HPRegen  0.09/turn              (no ring)
MPRegen  0.11/turn              (no ring)
                                (no ring)
                                (no ring)

@: appendages (expiring)
A: almost no armour, stealthy swim, amphibious, 8 rings, constrict 8, tentacle
spike 3, camouflage 1, gelatinous body 1
a: End Transformation


You were on level 3 of the Dungeon.
One of your tentacles had a temporary spike.
You visited 1 branch of the dungeon, and saw 3 of its levels.

You collected 180 gold pieces.

Inventory:

Hand Weapons
 f - a +0 short sword of venom
Missiles
 d - 9 poisoned darts (quivered)
 j - 6 silver javelins
Jewellery
 b - an uncursed ring of see invisible {unknown}
Scrolls
 e - 9 scrolls of remove curse {unknown}
 k - a scroll of identify {unknown}
 l - a scroll of noise {unknown}
 m - a scroll of fear {unknown}
 o - a scroll of teleportation {unknown}
Potions
 a - a potion of might {unknown}
 c - 3 potions of attraction {unknown}
 g - a potion of haste {unknown}
 h - a potion of brilliance {unknown}
 i - a potion of lignification
 n - 2 potions of mutation {unknown}
 p - a potion of invisibility {unknown}


   Skills:
 - Level 1.0 Fighting
 - Level 2.0 Dodging
 * Level 4.1 Stealth
 - Level 3.0 Unarmed Combat
 + Level 2.7 Spellcasting
 + Level 2.8 Transmutations


You had 7 spell levels left.
You knew the following spells:

 Your Spells              Type           Power        Failure   Level
a - Beastly Appendage     Tmut           20%          6%          1

Your spell library contained the following spells:

 Spells                   Type           Power        Failure   Level
 Wereblood                Tmut           10%          10%         2
 Spider Form              Tmut/Pois      3%           34%         3
 Ice Form                 Ice/Tmut       6%           75%         4
 Blade Hands              Tmut           5%           87%         5


Dungeon Overview and Level Annotations

Branches:
Dungeon (3/15)

Altars:
Qazlal


Innate Abilities, Weirdness & Mutations

You cannot wear most types of armour.
You are very stealthy in the water. (Stealth+)
You are amphibious.
You can wear up to eight rings at the same time.
You can use your tentacles to constrict eight enemies at once.
Your skin changes colour to match your surroundings (Stealth+).
Your rubbery body absorbs attacks. (AC +1, EV +1)
One of your tentacles bears a large vicious spike.


Message History

You barely miss the wyvern zombie. The wyvern zombie barely misses you.
You barely miss the wyvern zombie. The wyvern zombie closely misses you.
The wyvern zombie bites you!
You tentacle-slap the wyvern zombie.
The wyvern zombie is lightly damaged.
The wyvern zombie misses you.
You tentacle-slap the wyvern zombie. Your squeeze misses the wyvern zombie.
The wyvern zombie is lightly damaged.
The wyvern zombie bites you!
* * * LOW HITPOINT WARNING * * *
The frilled lizard bites you.
* * * LOW HITPOINT WARNING * * *
You are too injured to fight recklessly!
Your transformation is almost over.
You see here a mace.
The wyvern zombie closely misses you.
You tentacle-slap the wyvern zombie but do no damage.
The wyvern zombie is lightly damaged.
The wyvern zombie bites you!
You die...

..######§§§
#.....(....#
......_#8§§
##..........#
..######§§§
#...........#
###§§§§§§§§
#...........#
#§§§§§§§§
##.##########
#§§§§§§§§ #.#
#§§§§§§§§ #.#
######### #.#
#@# #Z#
..##.###l##
........>.#
...............
#.##.####.#..?.
# ......#
..#...# ### ...


You could see a wyvern zombie and a frilled lizard.

Vanquished Creatures
  Terence (D:2)
  2 adders
  3 dart slugs
  3 leopard geckos (D:1)
  A bat zombie (D:3)
  A giant cockroach (D:2)
  4 goblins
  2 hobgoblins (D:1)
  7 kobolds
  A ball python (D:1)
  3 bats
  8 frilled lizards
  8 rats
44 creatures vanquished.

Notes
Turn   | Place    | Note
-------+----------+-------------------------------------------
     0 | D:1      | Groucho the Octopode Transmuter began the quest for the
                  | Orb.
     0 | D:1      | Reached XP level 1. HP: 13/13 MP: 3/3
     2 | D:1      | Noticed a spriggan
     2 | D:1      | Noticed a halfling
     4 | D:1      | Noticed a ghoul
     4 | D:1      | Noticed a centaur
     6 | D:1      | Noticed a minotaur
     6 | D:1      | Noticed a vine stalker
     8 | D:1      | Noticed an elf
     8 | D:1      | Noticed a felid
    10 | D:1      | Noticed a merfolk
    12 | D:1      | Noticed a naga
    12 | D:1      | Noticed a formicid
    14 | D:1      | Noticed a dwarf
    14 | D:1      | Noticed a vampire
    16 | D:1      | Noticed a human
    18 | D:1      | Noticed an octopode
    18 | D:1      | Noticed a tengu
    20 | D:1      | Noticed a draconian
    20 | D:1      | Noticed a demonspawn
    22 | D:1      | Noticed a demigod
    24 | D:1      | Noticed a troll
    26 | D:1      | Noticed a gargoyle
    26 | D:1      | Noticed an ogre
    88 | D:1      | Reached skill level 1 in Stealth
    97 | D:1      | Reached XP level 2. HP: 3/18 MP: 3/5
   888 | D:1      | Reached skill level 2 in Stealth
  1901 | D:1      | Reached XP level 3. HP: 11/23 MP: 4/6
  2950 | D:2      | Reached skill level 3 in Stealth
  2957 | D:2      | Noticed Terence
  2966 | D:2      | Killed Terence
  2967 | D:2      | Reached XP level 4. HP: 24/28 MP: 4/7
  3523 | D:3      | Reached skill level 4 in Stealth
  4264 | D:3      | Found a stormy altar of Qazlal.
  4387 | D:3      | Mangled by a wyvern zombie

Illustrated notes

Levels and vault maps discovered:
D:1:      kb_arrival_jail, layout_basic, minmay_3d_cube
D:2:      layout_basic, minmay_tetromino_t2, uniq_terence
D:3:      layout_basic, lemuel_zombie_altar_kikubaaqudgha,
          nicolae_qazlal_eye_of_the_storm

Skill      XL: |  1  2  3  4 |
---------------+-------------+-----
Stealth        | 1 2 3 4 |  4.1
Fighting       | |  1.0
Dodging        | |  2.0
Unarmed Combat | |  3.0
Spellcasting   | |  2.7
Transmutations | |  2.8

Action                   |  1- 3 |  4- 6 || total
-------------------------+-------+-------++-------
Melee: Unarmed           |    73 |    35 ||   108
       Tentacles         |     9 |     1 ||    10
       Constrict         |    17 |     8 ||    25
       Kick              |    10 |     4 ||    14
       Punch             |     2 |       ||     2
 Cast: Beastly Appendage |    16 |     6 ||    22
  Use: Potion            |       |     1 ||     1
 Stab: Sleeping          |     5 |     4 ||     9
Armor: Skin              |     6 |     3 ||     9
Dodge: Dodged            |    44 |    22 ||    66
